 Dungeon Crawl Stone Soup version 0.29.1-1-gd02db6906a (webtiles) character file.

Game seed: 12166321615618780250

14 RogueRain17 the Vexing (level 2, 23/23 HPs)
             Began as a Gnoll Arcane Marksman on Sept 29, 2022.
             Got out of the dungeon alive.
             The game lasted 00:00:47 (333 turns).

RogueRain17 the Vexing (Gnoll Arcane Marksman)       Turns: 333, Time: 00:00:47

Health: 23/23      AC:  2    Str:  9    XL:     2   Next: 41%
Magic:  5/5        EV: 13    Int: 12    God:
Gold:   52         SH:  0    Dex: 12    Spells: 5/6 levels left

rFire   . . .      SeeInvis .   a - +1 sling
rCold   . . .      Faith    .   (no shield)
rNeg    . . .      Spirit   .   c - +0 robe
rPois   .          Reflect  .   (no helmet)
rElec   .          Harm     .   (no cloak)
rCorr   .          Rampage  .   (no gloves)
Will    .....                   (no boots)
Stlth   +.........              (no amulet)
HPRegen 0.07/turn               (no ring)
MPRegen 0.09/turn               (no ring)

@: no status effects
A: fangs 1, strong nose, distributed training
a: no special abilities


You escaped.
You visited 1 branch of the dungeon, and saw 1 of its levels.

You collected 52 gold pieces.

Inventory:

Hand Weapons
 a - a +1 sling (weapon)
Armour
 c - a +0 robe (worn)
Scrolls
 b - a scroll of poison
 e - a scroll of identify {unknown}
Potions
 d - a potion of heal wounds {unknown}


   Skills:
 + Level 2.5 Fighting
 + Level 0.4 Short Blades
 + Level 0.4 Long Blades
 + Level 0.4 Axes
 + Level 0.4 Maces & Flails
 + Level 0.4 Polearms
 + Level 0.4 Staves
 + Level 4.5 Ranged Weapons
 + Level 0.4 Throwing
 + Level 0.4 Armour
 + Level 4.5 Dodging
 + Level 0.4 Stealth
 + Level 0.4 Shields
 + Level 0.4 Unarmed Combat
 + Level 2.7 Spellcasting
 + Level 0.2 Conjurations
 + Level 5.3 Hexes
 + Level 0.2 Summonings
 + Level 0.2 Necromancy
 + Level 0.2 Translocations
 + Level 0.2 Transmutations
 + Level 0.2 Fire Magic
 + Level 0.2 Ice Magic
 + Level 0.2 Air Magic
 + Level 0.2 Earth Magic
 + Level 0.2 Poison Magic
 + Level 0.5 Invocations
 + Level 0.4 Evocations


You had 5 spell levels left.
You knew the following spells:

 Your Spells              Type           Power      Damage    Failure   Level
a - Slow                  Hex            56%        N/A       2%          1

Your spell library contained the following spells:

 Spells                   Type           Power      Damage    Failure   Level
 Inner Flame              Hex/Fire       8%         N/A       24%         3
 Portal Projectile        Hex/Tloc       16%        N/A       24%         3
 Cause Fear               Hex            7%         N/A       28%         4


Dungeon Overview and Level Annotations

Branches:
Dungeon (1/15)

Altars:


Innate Abilities, Weirdness & Mutations

You have very sharp teeth.
Your uncanny sense of smell can sniff out nearby items.
Your experience applies equally to all skills.


Message History

You shoot a sling bullet.
The sling bullet hits the jackal but does no damage.
The jackal is heavily wounded.
You shoot a sling bullet.
The sling bullet closely misses the jackal.
The jackal misses you.
You shoot a sling bullet. The sling bullet hits the jackal.
You kill the jackal!
HP restored.
You see here a jackal corpse.
d - a bubbling grey potion
e - a scroll labelled YMEUBE JONON You now have 13 gold pieces.
Found a stone staircase leading down.
Found a stone staircase leading down.
There is a stone staircase leading down here.
There is a stone staircase leading down here.
You now have 22 gold pieces (gained 9).
You now have 40 gold pieces (gained 18).
There is a stone staircase leading down here.
You now have 52 gold pieces (gained 12).
A goblin comes into view. It is wielding a +0 dagger.
The goblin shouts!
You shoot a sling bullet.
The sling bullet closely misses the goblin.
You shoot a sling bullet.
The sling bullet barely misses the goblin.
You shoot a sling bullet.
The sling bullet barely misses the goblin.
The goblin closely misses you.
You shoot a sling bullet. The sling bullet hits the goblin.
You kill the goblin!
There is a stone staircase leading down here.
You see here a jackal corpse.
You see here 3 stones.
You open the door.
There is an open door here.
There is a staircase leading out of the dungeon here.
Are you sure you want to leave the Dungeon?
This will make you lose the game!
You have escaped!

.#.#)##...#...## #.#
.#.#.##.#.'...+ #.#
.#.#.##.###...## #.# .#.#.##.#
##...# #.### ...#.##.# #...##
#.... .##...#.#####...# #######.
.#..#.....# #...## ........
.#....##### ##...## #######.
)#.######## ##.@.# #. .#(##.....#
###### ##. .#.##.#######......#
#####.. .#.##.###......#...#
#...... ...........## #...#
#####.###.. ............####...#
#..........
#####.###..........####.##...####
#.# #..(..........†.......... #.#
#.#..........†..##...####


There were no monsters in sight!

Vanquished Creatures
  2 endoplasms (D:1)
  A giant cockroach (D:1)
  2 goblins (D:1)
  4 jackals (D:1)
  A kobold (D:1)
10 creatures vanquished.

Notes
Turn   | Place    | Note
-------+----------+-------------------------------------------
     0 | D:1      | RogueRain17 the Gnoll Arcane Marksman began the quest for
                  | the Orb.
     0 | D:1      | Reached XP level 1. HP: 17/17 MP: 4/4
   128 | D:1      | Found a faded altar of an unknown god.
   138 | D:1      | Reached XP level 2. HP: 23/23 MP: 5/5
   333 | D:$      | Got out of the dungeon alive.

Illustrated notes

Levels and vault maps discovered:
D:1:      evilmike_arrival_crescent, layout_loops_ring,
          dreamdust_ecumenical_altar_statues

Action                   || total
-------------------------++-------
 Fire: Sling             ||    33
 Cast: Slow              ||     2
Armor: Robe              ||     2
Dodge: Dodged            ||     5
